 Dungeon Crawl Stone Soup version 0.20.0 (webtiles) character file.

182910 BarneyGumball the Impaler (level 17, -10/151 HPs)
             Began as a Centaur Warper on May 28, 2017.
             Was a High Priest of Okawaru.
             Mangled by a sea snake (25 damage)
             ... on level 4 of the Shoals on May 30, 2017.
             The game lasted 06:21:21 (45258 turns).

BarneyGumball the Impaler (Centaur Warper)         Turns: 45258, Time: 06:21:22

Health: -10/151    AC: 30    Str: 27    XL:     17   Next: 72%
Magic:  16/23      EV:  9    Int: 14    God:    Okawaru [*****.]
Gold:   751        SH:  0    Dex:  9    Spells: 13/19 levels left

rFire    + . .     SeeInvis .   W - +9 lance "Wyrmbane" {slay drac, rPois rF+ rC+ AC+3}
rCold    + + .     Gourm    .   I - +1 shield {AC+3}
rNeg     + . .     Faith    .   d - +0 ring mail of Qeyng {rPois Str+8 Int+2}
rPois    +         Spirit   .   B - +1 helmet
rElec    +         Reflect  +   o - scarf {cloud immunity}
rCorr    .         Harm     .   v - +0 pair of gloves
MR       +....     Rnd*Rage +   E - +3 centaur barding "Hiorogi" {rElec rN+}
Stlth    ++........             b - +3 amulet of reflection
Regen    0.4/turn               C - ring of protection from cold
MPRegen  0.2/turn               K - ring of flight

@: sleeping, heroism, finesse, engulfed (cannot breathe), flying, very quick
A: hooves 3, berserk 1, clumsy 1, deformed body, speed 2, low mp 1, mutation
resistance 1, tough skin 3
a: Heroism, Finesse, Renounce Religion, Stop Flying


You were on level 4 of the Shoals.
You worshipped Okawaru.
Okawaru was extremely pleased with you.
You were not hungry.

You visited 6 branches of the dungeon, and saw 32 of its levels.
You visited the Abyss 3 times.
You also visited: Bailey.

You collected 2457 gold pieces.
You spent 1706 gold pieces at shops.

Inventory:

Hand Weapons
 U - a +1 antimagic trident
 W - the +9 lance "Wyrmbane" (weapon) {slay drac, rPois rF+ rC+ AC+3}
   (Okawaru gifted it to you on level 2 of the Abyss)

   It affects your AC (+3).
   It protects you from fire.
   It protects you from cold.
   It protects you from poison.
Missiles
 z - 684 arrows
 Z - 11 poisoned javelins (quivered)
Armour
 c - a +2 centaur barding of flying
 d - the +0 ring mail of Qeyng (worn) {rPois Str+8 Int+2}
   (You found it on level 2 of the Abyss)

   It affects your strength (+8).
   It affects your intelligence (+2).
   It protects you from poison.
 g - a +0 centaur barding of fire resistance
 o - a scarf of cloud immunity (worn)
 v - a +0 pair of gloves (worn)
 B - a +1 helmet (worn)
 E - the +3 centaur barding "Hiorogi" (worn) {rElec rN+}
   (Okawaru gifted it to you on level 1 of the Orcish Mines)

   It insulates you from electricity.
   It protects you from negative energy.
 G - the +1 leather armour of Morality {rElec rPois rN+ Str+2 Stlth-}
   (You bought it in a shop on level 2 of the Orcish Mines)

   It affects your strength (+2).
   It insulates you from electricity.
   It protects you from poison.
   It protects you from negative energy.
   It makes you less stealthy.
 I - a +1 shield of protection (worn)
Jewellery
 b - a +3 amulet of reflection (around neck)
 k - an uncursed amulet of regeneration
 C - a ring of protection from cold (left hand)
 K - a ring of flight (right hand)
 O - an uncursed ring of see invisible
Wands
 a - a wand of paralysis (4/24)
 n - a wand of polymorph (5/24)
 A - a wand of lightning (12/15)
 M - a wand of digging (8/24)
 N - a wand of disintegration (9/24)
 S - a wand of paralysis (16/24)
 X - a wand of acid (4/15)
Scrolls
 i - a scroll of magic mapping
 m - a scroll of teleportation
 q - 7 scrolls of enchant weapon
 r - 5 scrolls of recharging
 s - 5 scrolls of amnesia
 t - 9 scrolls of remove curse
 u - 4 scrolls of immolation
 y - 10 scrolls of enchant armour
 T - 10 scrolls of identify
 V - a scroll of silence
 Y - a scroll of torment
Potions
 e - 3 potions of ambrosia
 h - a potion of flight
 j - 3 potions of curing
 p - 4 potions of lignification
 D - a potion of cancellation
 J - 2 potions of resistance
 P - 7 potions of brilliance
Books
 L - a book of Minor Magic

   Spells                             Type                      Level
   a - Magic Dart                     Conjuration                  1
   b - Blink                          Translocation                2
   c - Call Imp                       Summoning                    2
   d - Slow                           Hexes                        2
   e - Conjure Flame                  Conjuration/Fire             3
   f - Mephitic Cloud                 Conjuration/Poison/Air       3
Comestibles
 f - 11 bread rations
 l - 12 fruits
 x - 13 meat rations
 F - 8 royal jellies


   Skills:
 + Level 13.8(18.8) Fighting
 + Level 15.4(20.4) Polearms
 - Level 1.1(6.1) Throwing
 - Level 12.2(17.2) Armour
 - Level 1.3(6.3) Dodging
 - Level 10.2(15.2) Shields
 - Level 1.5 Spellcasting
 - Level 4.5 Translocations
 - Level 3.5 Transmutations
 - Level 12.0 Invocations
 - Level 5.3 Evocations


You had 13 spell levels left.
You knew the following spells:

 Your Spells              Type           Power        Failure   Level  Hunger
a - Blink                 Tloc           N/A          7%          2    ###....
b - Shroud of Golubria    Chrm/Tloc      #.........   19%         2    ###....
c - Sticks to Snakes      Tmut           ##......     11%         2    ###....


Dungeon Overview and Level Annotations

Branches:
Dungeon (15/15)            Temple (1/1) D:6            Lair (6/6) D:10
 Shoals (4/4) Lair:2        Snake (4/4) Lair:3        Slime (0/5) Lair:6
    Orc (2/2) D:10            Elf (0/3) Orc:2        Vaults (0/5) D:14
 Depths (0/5) D:15

Altars:
Ashenzari
Cheibriados
Dithmenos
Elyvilon
Fedhas
Gozag
Hepliaklqana
Kikubaaqudgha
Makhleb
Nemelex Xobeh
Okawaru
Qazlal
Ru
Sif Muna
Trog
Uskayaw
Vehumet
Xom
Yredelemnul
Zin
The Shining One
Beogh
Jiyva

Shops:
D:8 ([*}*   D:13 (   D:15 *   Orc:2 [*(=[   Snake:1 }}=

Annotations:
Shoals:4 Ilsuiw
Snake:3 Asterion


Innate Abilities, Weirdness & Mutations

You have hooves in place of feet.
Armour fits poorly on your strangely shaped body.
You cover ground very quickly.
You have extremely tough skin. (AC +3)
You tend to lose your temper in combat.
You are clumsy. (Dex -2)
Your magical capacity is low. (-10% MP)
You are somewhat resistant to further mutation.


Message History

The dream sheep ruffle their wool and motes of dream dust sparkle, to no effect.
Ilsuiw whispers, "Come on in, the water's fine."
Ilsuiw casts a spell.
A merfolk siren comes into view. It is wielding a trident.
* * * LOW HITPOINT WARNING * * *
Your lungs strain for air!
The harpy screeches!
You block the harpy's attack. x2; The harpy claws you but does no damage. x2
The merfolk hits you from afar with a trident.
* * * LOW HITPOINT WARNING * * *
The water elemental hits you!
* * * LOW HITPOINT WARNING * * *
The dream sheep ruffle their wool and motes of dream dust sparkle, to no effect.
The dream sheep shake their wool and sparkle.
You feel drowsy...
You fall asleep.
The harpy barely misses you. The harpy claws you but does no damage.
The cyclops closely misses you.
Ilsuiw gestures wildly while chanting.
The sea snake bites you!!
You die...

≈≈≈≈≈≈≈≈≈≈≈≈≈..
≈≈≈≈m≈≈≈≈≈≈≈≈..
≈≈≈E≈E≈≈≈≈≈≈≈..
≈≈≈E≈Em..≈≈!≈..
≈≈≈E≈≈mm..≈≈≈..
≈≈≈≈≈......≈≈..
≈≈≈≈≈≈EYS..≈≈..
≈≈≈≈≈≈C@Y..≈≈≈≈
≈≈≈≈≈≈≈≈H.≈≈≈$≈
≈≈≈≈≈m≈≈≈≈≈≈≈≈≈
≈≈≈≈≈≈≈≈≈≈≈≈≈≈≈
≈≈≈≈≈≈≈≈≈≈≈≈≈≈≈
≈≈≈≈≈≈≈≈≈≈≈≈≈≈≈
≈≈≈≈≈≈≈≈≈≈≈≈≈≈≈
≈≈≈≈≈≈≈≈≈≈≈≈≈≈≈
≈ ≈≈


You could see Ilsuiw, a merfolk impaler, a sea snake, 2 merfolk, a cyclops, 6
water elementals, a merfolk siren, a harpy and 2 dream sheep.

Vanquished Creatures
  Nikola (Snake:1)
  3 nagarajas (Snake:3)
  2 orc warlords (Orc:1)
  A frost giant (Shoals:4)
  An emperor scorpion (shapeshifter) (D:14)
  A balrug (Abyss:2)
  A very ugly thing (Abyss:2)
  A red draconian (Abyss:2)
  Azrael (Snake:1)
  A black draconian (Abyss:2)
  2 merfolk javelineers
  6 merfolk impalers
  2 ogre magi
  A great orb of eyes (D:14)
  8 naga warriors
  Erolcha (D:13)
  4 centaur warriors
  4 hydras
  4 merfolk avatars
  5 anacondas
  A merfolk aquamancer (Shoals:4)
  13 two-headed ogres
  A death knight (D:14)
  4 death yaks (Lair:6)
  2 tengu warriors
  An orc high priest (Orc:2)
  2 thrashing horrors (Abyss:2)
  Nergalle (Orc:2)
  4 naga sharpshooters
  5 shock serpents
  2 wretched stars (Abyss:2)
  A sun demon (D:14)
  A sixfirhy (Abyss:2)
  A salamander mystic (Snake:3)
  A skeletal warrior (D:14)
  7 sea snakes
  A starcursed mass (Abyss:2)
  An unseen horror (Abyss:2)
  3 orc knights (Orc:2)
  3 naga ritualists
  7 mana vipers
  The ghost of Guenter the Slasher, a novice VSWn of Okawaru (D:7)
  22 harpies
  8 fauns
  A wolf spider zombie (D:15)
  7 manticores
  7 orc sorcerers
  5 cyclopes
  2 ugly things (D:13)
  5 deep elf magi
  8 salamanders
  A vault sentinel (D:14)
  2 centaur zombies
  Joseph (D:8)
  7 elephants
  3 merfolk sirens
  A dire elephant zombie (Abyss:2)
  13 naga magi
  5 smoke demons (Abyss:2)
  24 black mambas
  4 guardian serpents
  An orange demon (Abyss:2)
  A gargoyle (D:15)
  9 spiny frogs
  6 centaur skeletons
  A water nymph (Shoals:4)
  2 hellions (Abyss:2)
  6 komodo dragons
  A rime drake (Lair:5)
  3 efreet (D:15)
  A hellwing (Abyss:2)
  An ancient zyme (Abyss:2)
  2 wind drakes
  14 merfolk
  16 trolls
  5 polar bears
  A hornet (Lair:6)
  4 slime creatures
  2 raiju (Abyss:2)
  5 blink frogs (Lair:3)
  4 snapping turtles
  8 dream sheep
  12 hippogriffs
  3 large abominations (Abyss:2)
  3 water elementals
  2 shadows
  3 wyverns
  10 spriggans (Lair:6)
  A vampire (D:14)
  10 wraiths
  A fire elemental (Snake:1)
  75 yaks
  Grum (D:11)
  A basilisk (Lair:1)
  2 hungry ghosts (D:13)
  2 steam dragons
  A neqoxec (Abyss:2)
  A chaos spawn (Abyss:2)
  6 wargs
  6 small abominations (Abyss:2)
  2 acid dragons
  31 nagas
  A two-headed ogre zombie (D:10)
  12 water moccasins
  5 hell hounds (Snake:1)
  7 porcupines
  Duvessa (D:7)
  36 orc warriors
  2 sky beasts
  2 eyes of draining (D:14)
  A phantom (D:14)
  5 ice beasts
  2 necrophages
  14 ogres
  5 boggarts (Lair:6)
  8 black bears
  33 wolves
  14 crocodiles
  23 centaurs
  2 big kobolds (D:10)
  Blork the orc (D:5)
  3 gnoll sergeants
  21 bullfrogs
  Dowan (D:7)
  5 scorpions
  19 wights
  4 electric eels
  2 howler monkeys (D:11)
  8 crimson imps
  2 jellies
  10 hounds
  5 quasits
  Crazy Yiuf (D:2)
  2 gnoll shamans
  An iron imp (Abyss:2)
  26 orc priests
  2 iguanas
  22 orc wizards
  9 worker ants
  7 ogre zombies (D:10)
  17 gnolls
  9 adders
  4 shadow imps
  An ufetubus (Abyss:2)
  An ooze (D:1)
  3 adder skeletons
  2 adder zombies
  3 worms
  A dart slug (D:2)
  5 leopard geckos
  79 orcs
  4 ball pythons
  6 giant cockroaches
  12 goblins
  8 hobgoblins
  3 jackals (D:10)
  9 quokkas
  7 bats
  10 frilled lizards
  3 goblin skeletons (D:10)
  A goblin zombie (D:10)
  2 hobgoblin zombies (D:10)
  15 kobolds
  4 orc skeletons (D:10)
  15 orc zombies (D:10)
  4 rats
1057 creatures vanquished.

Vanquished Creatures (collateral kills)
  Urug (Lair:4)
1 creature vanquished.

Vanquished Creatures (others)
  A merfolk javelineer (Shoals:3)
  A faun (Shoals:2)
  A cyclops (Shoals:3)
  A guardian serpent (Snake:3)
  17 fungi
  A lurking horror (Abyss:2)
  8 plants
  10 starspawn tentacles (Abyss:2)
40 creatures vanquished.

Grand Total: 1098 creatures vanquished

Notes
Turn   | Place    | Note
-------+----------+-------------------------------------------
     0 | D:1      | BarneyGumball the Centaur Warper began the quest for the Orb.
     0 | D:1      | Reached XP level 1. HP: 17/17 MP: 3/3
   286 | D:1      | Reached skill level 2 in Polearms
   640 | D:1      | Reached XP level 2. HP: 24/24 MP: 4/4
  1487 | D:2      | Reached skill level 3 in Polearms
  1639 | D:2      | Reached XP level 3. HP: 29/29 MP: 5/5
  2204 | D:2      | Found a runed door.
  2230 | D:2      | Noticed Crazy Yiuf
  2267 | D:2      | Killed Crazy Yiuf
  2267 | D:2      | Reached skill level 4 in Polearms
  2267 | D:2      | Reached XP level 4. HP: 36/36 MP: 6/6
  2367 | D:3      | Found a white marble altar of Elyvilon.
  2620 | D:3      | Found a glowing silver altar of Zin.
  3199 | D:3      | Reached XP level 5. HP: 41/41 MP: 7/7
  3504 | D:3      | Reached skill level 5 in Polearms
  3680 | D:3      | Found a sparkling altar of Nemelex Xobeh.
  4097 | D:4      | Found a hazy altar of Hepliaklqana.
  4407 | D:4      | Reached XP level 6. HP: 48/48 MP: 8/8
  4738 | D:5      | Entered Level 5 of the Dungeon
  4862 | D:4      | Reached skill level 6 in Polearms
  4931 | D:5      | Noticed an ice beast
  5035 | D:5      | Found a radiant altar of Vehumet.
  5199 | D:5      | Killed an ice beast
  5420 | D:5      | Reached skill level 7 in Polearms
  5420 | D:5      | Reached XP level 7. HP: 8/55 MP: 9/9
  5508 | D:5      | Learned a level 2 spell: Blink
  5511 | D:5      | Learned a level 2 spell: Shroud of Golubria
  6208 | D:6      | Found a staircase to the Ecumenical Temple.
  6233 | Temple   | Entered the Ecumenical Temple
  6323 | D:6      | Noticed Blork the orc
  6414 | D:5      | Killed Blork the orc
  6414 | D:5      | Reached skill level 8 in Polearms
  6980 | D:5      | Reached skill level 1 in Armour
  7018 | D:6      | Reached XP level 8. HP: 55/61 MP: 10/10
  7169 | D:6      | Found an opulent altar of Gozag.
  7228 | D:6      | Found a blossoming altar of Fedhas.
  7277 | D:6      | Found a shadowy altar of Dithmenos.
  7719 | D:6      | Found a glowing golden altar of the Shining One.
  7727 | D:6      | Found a burning altar of Makhleb.
  7831 | D:6      | Reached skill level 9 in Polearms
  7947 | D:6      | Learned a level 2 spell: Sticks to Snakes
  8254 | D:6      | Found an iron altar of Okawaru.
  8266 | D:6      | Became a worshipper of Warmaster Okawaru
  8282 | D:7      | Noticed Duvessa
  8282 | D:7      | Noticed Dowan
  8356 | D:7      | Killed Duvessa
  8416 | D:7      | Killed Dowan
  8599 | D:7      | Reached * piety under Okawaru
  8599 | D:7      | Reached skill level 10 in Polearms
  8663 | D:7      | Noticed a hippogriff
  8693 | D:7      | Killed a hippogriff
  8693 | D:7      | Reached XP level 9. HP: 67/67 MP: 11/11
  8844 | D:7      | Noticed Guenter's ghost (novice VSWn)
  8948 | D:7      | Killed Guenter's ghost
  9199 | D:7      | Reached ** piety under Okawaru
  9343 | D:7      | Found a hide-covered altar of Uskayaw.
  9632 | D:7      | Reached skill level 11 in Polearms
 10044 | D:8      | Found Odehaekk's Armour Shoppe.
 10047 | D:8      | Bought a +2 robe of magic resistance for 212 gold pieces
 10063 | D:8      | Found Firioff's General Store.
 10091 | D:8      | Found Piluqyxt's General Store.
 10178 | D:8      | Found a sacrificial altar of Ru.
 10266 | D:8      | Found a flagged portal.
 10283 | Bailey   | Entered a bailey
 10627 | D:8      | Noticed Joseph
 10650 | D:8      | Killed Joseph
 10650 | D:8      | Reached *** piety under Okawaru
 10763 | D:8      | Found Moshrih's Antique Weapon Shoppe.
 10802 | D:8      | Reached XP level 10. HP: 58/73 MP: 12/12
 10937 | D:8      | Found Hetafice's Gadget Emporium.
 11013 | D:9      | Noticed a two-headed ogre
 11068 | D:9      | Killed a two-headed ogre
 11068 | D:9      | Reached skill level 12 in Polearms
 11068 | D:9      | Reached skill level 5 in Armour
 11607 | D:10     | Entered Level 10 of the Dungeon
 11709 | D:10     | Reached **** piety under Okawaru
 11737 | D:10     | Reached skill level 1 in Shields
 11918 | D:10     | Found a staircase to the Orcish Mines.
 12893 | D:10     | Reached skill level 13 in Polearms
 12973 | D:10     | Found a staircase to the Lair.
 13636 | D:11     | Reached ***** piety under Okawaru
 13698 | D:10     | Reached XP level 11. HP: 79/79 MP: 13/13
 14077 | D:11     | Noticed a two-headed ogre
 14118 | D:11     | Killed a two-headed ogre
 14186 | D:11     | Noticed a two-headed ogre
 14215 | D:11     | Killed a two-headed ogre
 14215 | D:11     | Reached skill level 14 in Polearms
 14606 | D:11     | Noticed Grum
 14612 | D:11     | Killed Grum
 14831 | D:11     | Reached skill level 1 in Transmutations
 15529 | D:12     | Received a gift from Okawaru
 15834 | D:13     | Noticed a brown ugly thing
 15950 | Lair:1   | Entered Level 1 of the Lair of Beasts
 16326 | D:10     | Reached ****** piety under Okawaru
 16326 | D:10     | Reached skill level 5 in Fighting
 17075 | Lair:1   | Noticed a six-headed hydra
 17205 | Lair:1   | Received a gift from Okawaru
 17205 | Lair:1   | Reached XP level 12. HP: 96/96 MP: 14/14
 17206 | Lair:1   | Got an encrusted helmet {god gift}
 17217 | Lair:1   | Identified the +0 helmet "Wosaig" {+Blink} (Okawaru gifted it to you on level 1 of the Lair of Beasts)
 17346 | Lair:1   | Killed a six-headed hydra
 17346 | Lair:1   | Reached skill level 1 in Invocations
 17416 | Lair:1   | Gained mutation: Your magical capacity is low. (-10% MP) [potion of mutation]
 17416 | Lair:1   | Gained mutation: You are clumsy. (Dex -2) [potion of mutation]
 17416 | Lair:1   | Gained mutation: You tend to lose your temper in combat. [potion of mutation]
 17416 | Lair:1   | Gained mutation: You are somewhat resistant to further mutation. [potion of mutation]
 18112 | Lair:2   | Reached skill level 1 in Evocations
 18363 | Lair:2   | Found a staircase to the Shoals.
 19666 | Lair:3   | Reached skill level 5 in Invocations
 19913 | Lair:3   | Found a staircase to the Snake Pit.
 20298 | Lair:3   | Received a gift from Okawaru
 20576 | Lair:4   | Noticed a four-headed hydra
 20616 | Lair:3   | Killed a four-headed hydra
 20616 | Lair:3   | Received a gift from Okawaru
 20616 | Lair:3   | Reached skill level 10 in Fighting
 20616 | Lair:3   | Reached XP level 13. HP: 110/113 MP: 15/15
 21465 | Lair:4   | Found a shimmering altar of Xom.
 21518 | Lair:4   | Noticed Urug
 21549 | Lair:4   | Killed Urug
 21549 | Lair:4   | Reached skill level 5 in Evocations
 22385 | Lair:5   | You fall through a shaft!
 22385 | Lair:6   | Entered Level 6 of the Lair of Beasts
 23094 | Lair:6   | Got a twisted robe
 23106 | Lair:6   | Identified the +2 robe "Mejeoth" {rElec rPois rF- rC-} (You found it on level 6 of the Lair of Beasts)
 23233 | Lair:6   | Received a gift from Okawaru
 23464 | Lair:6   | Found a viscous altar of Jiyva.
 23464 | Lair:6   | Found a staircase to the Slime Pits.
 24402 | Orc:1    | Entered Level 1 of the Orcish Mines
 24445 | D:10     | Reached XP level 14. HP: 57/127 MP: 17/17
 24758 | Orc:1    | Found a roughly hewn altar of Beogh.
 24940 | Orc:2    | Entered Level 2 of the Orcish Mines
 25272 | Orc:1    | Received a gift from Okawaru
 25628 | Orc:2    | Found a roughly hewn altar of Beogh.
 26024 | Orc:2    | Reached skill level 5 in Shields
 26205 | Orc:2    | Noticed Nergalle
 26216 | Orc:2    | Killed Nergalle
 26499 | Orc:2    | Found a roughly hewn altar of Beogh.
 26627 | Orc:2    | Noticed an orc warlord
 26649 | Orc:2    | Noticed an orc warlord
 27099 | Orc:1    | Received a gift from Okawaru
 27106 | Orc:1    | Got a scorched centaur barding {god gift}
 27138 | Orc:1    | Killed an orc warlord
 27316 | Orc:1    | Identified the +3 centaur barding "Hiorogi" {rElec rN+} (Okawaru gifted it to you on level 1 of the Orcish Mines)
 27352 | Orc:1    | Killed an orc warlord
 27673 | Orc:2    | Found a staircase to the Elven Halls.
 27797 | Orc:2    | Found Exatusch's General Store.
 27836 | Orc:2    | Found Zoinu's Jewellery Boutique.
 27842 | Orc:2    | Found Cithruoxt's Antique Weapon Boutique.
 27870 | Orc:2    | Found Huerphal's Antique Armour Boutique.
 27966 | Orc:2    | Bought a steaming leather armour for 224 gold pieces
 27976 | Orc:2    | Identified the cursed +1 leather armour of Morality {rElec rPois rN+ Str+2 Stlth-} (You bought it in a shop on level 2 of the Orcish Mines)
 27976 | Orc:2    | Bought a steaming robe for 182 gold pieces
 27987 | Orc:2    | Identified the +0 robe "Done" {*Corrode rF++ MR- Str+2} (You bought it in a shop on level 2 of the Orcish Mines)
 28071 | Orc:2    | Found Yqin's Antique Armour Emporium.
 28079 | Orc:2    | Bought a crude helmet for 209 gold pieces
 28089 | Orc:2    | Identified the cursed +0 helmet of Inviolability {+Inv rF- Str+4 Dex+4} (You bought it in a shop on level 2 of the Orcish Mines)
 28393 | D:13     | Noticed Erolcha
 28411 | D:13     | Killed Erolcha
 28823 | D:13     | Found Kyedyopi's Weapon Shop.
 30103 | D:14     | Found a gate to the Vaults.
 30111 | D:14     | Received a gift from Okawaru
 30348 | D:14     | Reached XP level 15. HP: 97/134 MP: 18/18
 30500 | D:14     | Found a sacrificial altar of Ru.
 30701 | D:14     | Reached skill level 10 in Shields
 31006 | D:14     | Found a shimmering altar of Xom.
 31615 | D:15     | Entered Level 15 of the Dungeon
 31806 | D:8      | Bought a +2 robe of resistance for 452 gold pieces
 32099 | D:15     | Cast into level 2 of the Abyss (a wizard)
 32099 | Abyss:2  | Found a corrupted altar of Lugonu.
 32360 | Abyss:2  | Received a gift from Okawaru
 32690 | Abyss:2  | Noticed a tentacled starspawn
 32901 | Abyss:2  | Noticed a deep elf sorcerer
 33020 | D:15     | Escaped the Abyss
 33146 | D:14     | Cast into level 2 of the Abyss (a wizard)
 33371 | D:14     | Escaped the Abyss
 33403 | D:14     | Cast into level 2 of the Abyss (a wizard)
 33529 | Abyss:2  | Noticed a lich
 33535 | Abyss:2  | Got a fine ring mail
 33744 | Abyss:2  | Noticed a tentacled starspawn
 33747 | Abyss:2  | Noticed a tentacled starspawn
 34125 | Abyss:2  | Noticed a tentacled starspawn
 34192 | Abyss:2  | Noticed a tentacled starspawn
 34319 | D:14     | Escaped the Abyss
 34322 | D:14     | Paralysed by a great orb of eyes for 2 turns
 34956 | D:15     | Found a glowing golden altar of the Shining One.
 35045 | D:15     | Found Ajoastrimp's General Store.
 35050 | D:15     | Bought a potion of cancellation for 112 gold pieces
 35050 | D:15     | Bought an uncursed ring of flight for 245 gold pieces
 35050 | D:15     | Bought a meat ration for 70 gold pieces
 35084 | D:15     | Received a gift from Okawaru
 35418 | D:15     | Noticed a storm dragon
 35451 | D:14     | a storm dragon changed into an emperor scorpion
 35668 | D:15     | Received a gift from Okawaru
 35727 | D:14     | Received a gift from Okawaru
 35730 | D:14     | Got a shimmering spear {god gift}
 35735 | D:14     | Identified the +7 spear of Indomitability {speed, rN+ Int+5} (Okawaru gifted it to you on level 14 of the Dungeon)
 35847 | D:15     | Found a staircase to the Depths.
 35954 | D:15     | Paralysed by an orc sorcerer for 6 turns
 36355 | Snake:1  | Entered Level 1 of the Snake Pit
 36736 | Snake:1  | Reached XP level 16. HP: 88/141 MP: 20/20
 37462 | Snake:1  | Identified the cursed +0 ring mail of Qeyng {rPois Str+8 Int+2} (You found it on level 2 of the Abyss)
 37716 | Snake:1  | Received a gift from Okawaru
 37852 | Snake:1  | Found Tateg's Jewellery Shoppe.
 37852 | Snake:1  | Found Pobuikiph's Gadget Boutique.
 37870 | Snake:1  | Found Fyuhogor's Gadget Boutique.
 37921 | Snake:1  | Noticed Nikola
 37963 | Snake:1  | Noticed Azrael
 37969 | Snake:1  | Killed Nikola
 37989 | Snake:1  | Killed Azrael
 37989 | Snake:1  | Reached skill level 10 in Armour
 38176 | Snake:1  | Reached skill level 10 in Invocations
 40893 | Snake:3  | Noticed Asterion
 40906 | Snake:4  | Entered Level 4 of the Snake Pit
 40943 | Snake:3  | HP: 7/141 [Asterion/fireball (9)]
 41535 | Lair:3   | Reached XP level 17. HP: 148/148 MP: 23/23
 41585 | Shoals:1 | Entered Level 1 of the Shoals
 41851 | Shoals:1 | Received a gift from Okawaru
 43142 | Shoals:3 | Received a gift from Okawaru
 43991 | Shoals:4 | Entered Level 4 of the Shoals
 44084 | Shoals:4 | Reached skill level 15 in Polearms
 44104 | Shoals:4 | Received a gift from Okawaru
 45163 | Shoals:3 | Received a gift from Okawaru
 45257 | Shoals:4 | Noticed Ilsuiw
 45258 | Shoals:4 | Mangled by a sea snake

Skill      XL: |  1  2  3  4  5  6  7  8  9 10 11 12 13 14 15 16 17 |
---------------+----------------------------------------------------+-----
Polearms       | 2 3 4 5 7 8 10 11 13 14 15 | 15.4
Armour         | 1 3 4 5 6 9 11 12 | 12.2
Shields        | 2 3 9 10 | 10.2
Translocations | 4 |  4.5
Fighting       | 6 10 12 13 | 13.8
Transmutations | 3 |  3.5
Invocations    | 5 6 9 11 12 | 12.0
Evocations     | 4 5 |  5.3
Throwing       | |  1.1
Dodging        | |  1.3
Spellcasting   | |  1.5

Action                   |  1- 3 |  4- 6 |  7- 9 | 10-12 | 13-15 | 16-18 || total
-------------------------+-------+-------+-------+-------+-------+-------++-------
Melee: Spear             |   203 |   378 |   260 |       |       |       ||   841
       Kick              |     7 |    13 |    54 |   167 |   281 |   246 ||   768
       Trident           |       |       |   388 |  1531 |   179 |       ||  2098
       Demon trident     |       |       |       |       |  1448 |       ||  1448
       Lance             |       |       |       |       |   561 |  1534 ||  2095
Throw: Tomahawk          |     3 |       |    21 |       |       |       ||    24
       Javelin           |       |       |       |       |    25 |     2 ||    27
 Cast: Sticks to Snakes  |       |       |       |     6 |    25 |     1 ||    32
       Blink             |       |       |       |       |     4 |     4 ||     8
       Shroud of Golubri |       |       |       |       |     1 |       ||     1
Invok: Heroism           |       |       |       |     3 |    21 |    10 ||    34
       Finesse           |       |       |       |     2 |    17 |    10 ||    29
Evoke: Wand              |       |       |       |       |       |     1 ||     1
  Use: Scroll            |       |       |    19 |     9 |    18 |     9 ||    55
       Potion            |       |       |     2 |     5 |    19 |     9 ||    35
 Stab: Sleeping          |     4 |     4 |     4 |    14 |       |       ||    26
       Distracted        |       |     1 |       |     3 |     3 |       ||     7
  Eat: Chunk             |     2 |     9 |    12 |    26 |    29 |    15 ||    93
       Fruit             |       |       |     3 |       |     8 |    10 ||    21
       Bread ration      |       |       |       |       |     2 |     1 ||     3
       Royal jelly       |       |       |       |       |     1 |       ||     1
Armor: Leather armour    |    15 |    16 |       |       |    68 |       ||    99
       Robe              |       |    38 |   146 |   245 |   350 |    22 ||   801
       Ring mail         |       |       |       |       |       |   319 ||   319
Dodge: Dodged            |    20 |    66 |    94 |   136 |   234 |   166 ||   716
Block: Buckler           |       |       |       |    63 |   162 |       ||   225
       Shield            |       |       |       |       |   163 |   514 ||   677
       Reflection        |       |       |       |       |       |    31 ||    31
